 Dungeon Crawl Stone Soup version 0.26-a0-852-g6321bf7485 (webtiles) character file.

Game seed: 18378237155570589627

4764 dolemite99 the Archer (level 10, -4/86 HPs)
             Began as a Minotaur Brigand on Nov 21, 2020.
             Was a Believer of Uskayaw.
             Slain by a troll (10 damage)
             ... on level 8 of the Dungeon on Nov 22, 2020.
             The game lasted 00:16:50 (11096 turns).

dolemite99 the Archer (Minotaur Brigand)           Turns: 11096, Time: 00:16:51

Health: -4/86      AC: 16    Str: 20    XL:     10   Next: 23%
Magic:  13/13      EV:  6    Int:  8    God:    Uskayaw [**....]
Gold:   304        SH:  0    Dex: 11    Spells: 9/9 levels left

rFire    + . .     SeeInvis .   b - +9 shortbow of Risk Management {vorpal, rPois rF+}
rCold    + . .     Faith    .   (shield currently unavailable)
rNeg     . . .     Spirit   .   l - +0 plate armour
rPois    +         Reflect  .   (helmet restricted)
rElec    .         Harm     .   c - +0 cloak
rCorr    .         Rampage  .   (no gloves)
MR       .....                  N - +1 pair of boots
Stlth    ..........             (no amulet)
HPRegen  0.24/turn              O - ring of protection from cold
MPRegen  0.13/turn              X - ring of poison resistance

@: hasted, very quick
A: retaliatory headbutt, horns 2
a: Stomp, Line Pass, Renounce Religion


You were on level 8 of the Dungeon.
You worshipped Uskayaw.
Uskayaw was noncommittal.
You visited 1 branch of the dungeon, and saw 9 of its levels.
You also visited: Bailey.

You collected 520 gold pieces.
You spent 216 gold pieces at shops.

Inventory:

Hand Weapons
 a - a +3 dagger of venom
 b - the +9 shortbow of Risk Management (weapon) {vorpal, rPois rF+}
   (You found it on level 7 of the Dungeon)

   Any arrow fired from it inflicts extra damage.
   It protects you from fire.
   It protects you from poison.
 i - a +3 great sword
 F - a +1 vorpal flail
 M - a +3 long sword
Missiles
 e - 10 poisoned darts
 f - 74 sling bullets
 g - 214 stones
 o - 77 boomerangs
 p - 63 bolts
 x - 2 atropa-tipped darts
 A - a curare-tipped dart
 J - 96 arrows (quivered)
 Q - 2 javelins
Armour
 c - a +0 cloak (worn)
 l - a +0 plate armour (worn)
 C - a scarf of harm
 N - a +1 pair of boots (worn)
 U - a +1 scale mail of poison resistance
Jewellery
 O - a ring of protection from cold (left hand)
 R - an uncursed ring of protection from cold
 X - a ring of poison resistance (right hand)
Wands
 d - a wand of flame (10)
 j - a wand of random effects (14)
 s - a wand of disintegration (4)
 G - a wand of digging (6)
 H - a wand of polymorph (10)
 L - a wand of paralysis (6)
 Z - a wand of enslavement (12)
Scrolls
 h - 3 scrolls of amnesia
 r - a scroll of noise {unknown}
 u - 5 scrolls of teleportation
 y - a scroll of magic mapping
 B - 2 scrolls of immolation {unknown}
 I - a scroll of fear {unknown}
 S - a scroll of random uselessness {unknown}
 W - a scroll of silence {unknown}
Potions
 k - 3 potions of mutation {unknown}
 m - 6 potions of magic
 n - 2 potions of might {unknown}
 q - a potion of brilliance {unknown}
 t - a potion of degeneration {unknown}
 v - 2 potions of cancellation {unknown}
 w - a potion of attraction {unknown}
 z - a potion of resistance {unknown}
 D - 2 potions of haste
 E - 3 potions of berserk rage {unknown}
 K - 3 potions of heal wounds {unknown}
 P - a potion of curing
 V - a potion of experience {unknown}
 Y - a potion of flight {unknown}


   Skills:
 - Level 7.1 Fighting
 - Level 6.1(6.2) Short Blades
 - Level 1.5(4.5) Long Blades
 + Level 8.8 Bows
 - Level 6.2 Throwing
 - Level 6.7 Armour
 - Level 1.1 Dodging
 - Level 3.2 Stealth
 - Level 5.4 Invocations


You had 9 spell levels left.
You didn't know any spells.
Your spell library contained the following spells:

 Spells                   Type           Power        Failure   Level
 Corona                   Hex            #......      100%        1
 Freeze                   Ice            #...         100%        1
 Ensorcelled Hibernation  Hex/Ice        #.....       100%        2
 Confusing Touch          Hex            #.......     100%        3
 Dazzling Flash           Conj/Hex       #.....       100%        3
 Frozen Ramparts          Ice            #.....       100%        3
 Ozocubu's Armour         Ice            #.......     100%        3
 Tukima's Dance           Hex            #.......     100%        3
 Hailstorm                Conj/Ice       #.......     100%        4
 Summon Ice Beast         Ice/Summ       #.......     100%        4


Dungeon Overview and Level Annotations

Branches:
Dungeon (9/15)             Temple (0/1) D:7          Bailey (visited)
   Lair: D:8-11         Orc: D:9-12

Altars:
Dithmenos
Elyvilon
Fedhas
Gozag
Hepliaklqana
Kikubaaqudgha
Qazlal
Sif Muna
Uskayaw
Wu Jian
Xom

Shops:
D:9 [

Annotations:
D:8 2 transporters, felt's ghost, journeyman DrCj


Innate Abilities, Weirdness & Mutations

You reflexively headbutt those who attack you in melee.
You have a pair of horns on your head.


Message History

The troll barely misses you.
You feel better.
You feel better. The troll bites you but does no damage.
The troll claws you but does no damage. The troll claws you!
* * * LOW HITPOINT WARNING * * *
Firing (i - inventory. (/) - cycle)
J - 98 arrows (quivered)
Press: ? - help, Shift-Dir - straight line, f/p - troll
Aim: a troll (moderately wounded, very poisoned)
You shoot an arrow. The arrow barely misses the troll.
Firing (i - inventory. (/) - cycle)
J - 97 arrows (quivered)
Press: ? - help, Shift-Dir - straight line, f/p - troll
Aim: a troll (moderately wounded, very poisoned)
You shoot an arrow. The arrow hits the troll.
The troll is heavily wounded.
The troll bites you.
* * * LOW HITPOINT WARNING * * *
The troll claws you.
* * * LOW HITPOINT WARNING * * *
The troll claws you!
You die...

....# #.#####.#.....#
....#####.##.........##
.##.#.##..##.###.#####
..........##.# #.#
..........##.# #.#
#####)#......# #.#
#...###### #.# #
#...########T# ##
##.........)@#
)####...##########
.........# )####...##
)# #...# )####..##
.......# ######.#
######.#


You could see a troll (very poisoned).

Vanquished Creatures
  Pikel (D:8)
  Maurice (D:9)
  Grinder (D:3)
  2 water moccasins
  3 orc warriors
  An ice beast (D:6)
  A sky beast (D:5)
  5 ogres
  3 centaurs
  5 bullfrogs
  A gnoll sergeant (D:8)
  A wyvern skeleton (D:7)
  8 wights
  5 killer bees (D:9)
  A howler monkey (D:6)
  3 electric eels
  5 hounds
  4 jellies
  4 orc priests
  9 orc wizards
  A bullfrog skeleton (D:7)
  4 worker ants
  3 hound skeletons
  A worker ant zombie (D:8)
  20 gnolls
  10 adders
  2 shadow imps
  A white imp (D:5)
  2 ufetubi
  An adder zombie (D:7)
  2 adder skeletons
  2 worms
  2 dart slugs (D:1)
  3 leopard geckos
  49 orcs
  A ball python (D:2)
  4 bats
  2 giant cockroaches
  2 goblins (D:1)
  20 hobgoblins
  10 jackals
  14 kobolds
  A quokka (D:6)
  5 frilled lizards
  8 rats
234 creatures vanquished.

Vanquished Creatures (others)
  14 plants (D:9)
14 creatures vanquished.

Grand Total: 248 creatures vanquished

Notes
Turn   | Place    | Note
-------+----------+-------------------------------------------
     0 | D:1      | dolemite99 the Minotaur Brigand began the quest for the
                  | Orb.
     0 | D:1      | Reached XP level 1. HP: 18/18 MP: 0/0
   161 | D:1      | Reached XP level 2. HP: 18/26 MP: 1/1
  1086 | D:2      | Found a hide-covered altar of Uskayaw.
  1086 | D:2      | Noticed a -1 dagger
  1086 | D:2      | Noticed a +0 hand axe
  1095 | D:2      | Became a worshipper of Uskayaw the Reveller
  1203 | D:2      | Reached * piety under Uskayaw
  1262 | D:2      | Found a shimmering blue altar of Sif Muna.
  1338 | D:3      | Noticed an ogre
  1343 | D:3      | Reached ** piety under Uskayaw
  1344 | D:3      | Reached XP level 3. HP: 27/33 MP: 2/2
  1345 | D:3      | Reached *** piety under Uskayaw
  1350 | D:3      | Killed an ogre
  1351 | D:3      | Reached XP level 4. HP: 34/40 MP: 3/3
  1431 | D:3      | Found a white marble altar of Elyvilon.
  1460 | D:3      | Found an ancient bone altar of Kikubaaqudgha.
  1460 | D:3      | Noticed Grinder
  1511 | D:3      | Killed Grinder
  1512 | D:3      | Reached XP level 5. HP: 18/46 MP: 4/4
  1512 | D:3      | Reached XP level 6. HP: 21/52 MP: 5/5
  2091 | D:3      | Found a blossoming altar of Fedhas.
  2801 | D:4      | Found an opulent altar of Gozag.
  3156 | D:4      | Reached XP level 7. HP: 50/59 MP: 6/6
  3584 | D:5      | Entered Level 5 of the Dungeon
  3705 | D:4      | Found a shimmering blue altar of Sif Muna.
  3806 | D:4      | Reached skill level 5 in Short Blades
  4389 | D:5      | Reached skill level 5 in Fighting
  5489 | D:6      | Reached XP level 8. HP: 70/70 MP: 7/7
  5507 | D:6      | Reached **** piety under Uskayaw
  5514 | D:6      | Reached ***** piety under Uskayaw
  6712 | D:6      | Reached skill level 5 in Invocations
  6989 | D:6      | Reached skill level 1 in Armour
  7053 | D:6      | Reached XP level 9. HP: 47/79 MP: 12/12
  7559 | D:6      | Reached skill level 5 in Armour
  7884 | D:6      | Found a stormy altar of Qazlal.
  8578 | D:7      | Found a staircase to the Ecumenical Temple.
  8752 | D:7      | Reached skill level 1 in Long Blades
  8955 | D:7      | Got a steaming shortbow
  8958 | D:7      | Identified the +9 shortbow of Risk Management {vorpal,
                  | rPois rF+} (You found it on level 7 of the Dungeon)
  9121 | D:7      | Reached skill level 1 in Bows
  9187 | D:7      | Found a hazy altar of Hepliaklqana.
  9188 | D:7      | Found a shadowy altar of Dithmenos.
  9251 | D:8      | Found a flagged portal.
  9258 | Bailey   | Entered a bailey
  9380 | Bailey   | Reached skill level 2 in Bows
  9417 | Bailey   | Reached skill level 3 in Bows
  9690 | D:8      | Found a transporter.
  9696 | D:8      | Noticed felt's ghost (journeyman DrCj)
  9708 | D:8      | Found a transporter.
  9719 | D:8      | Reached skill level 4 in Bows
  9774 | D:8      | Reached skill level 5 in Bows
  9893 | D:8      | Found a shimmering altar of Xom.
  9948 | D:8      | Reached skill level 6 in Bows
 10128 | D:8      | Found an ornate altar of the Wu Jian Council.
 10400 | D:9      | Found Latsoec's Antique Armour Boutique.
 10419 | D:9      | Bought a glowing scarf for 216 gold pieces
 10760 | D:9      | Reached skill level 7 in Bows
 10782 | D:9      | Noticed Maurice
 10811 | D:9      | Killed Maurice
 10812 | D:9      | Reached XP level 10. HP: 86/86 MP: 13/13
 11070 | D:9      | Noticed Pikel
 11078 | D:9      | Reached skill level 8 in Bows
 11081 | D:8      | Killed Pikel
 11096 | D:8      | Slain by a troll

Illustrated notes

Levels and vault maps discovered:
D:1:      dpeg_arrival_leaves_temple_mockup, layout_basic
D:2:      layout_basic, dancing_weapons_uskayaw, marbit_many_paths,
          dk_noncrumbling_3
D:3:      layout_basic, old_standard_altar, lemuel_round_altar, fedhas_altar_4,
          uniq_grinder
D:4:      layout_loops_corners, kennysheep_little_box, kennysheep_nub,
          hangedman_decor_diamond_cutter, led_sif_pool
D:5:      layout_gridville, serial_glass, glass_columns_a, glass_columns_a
D:6:      layout_rooms, nicolae_qazlal_eye_of_the_storm
D:7:      layout_cave_pools, riverfiend_overflow_shadow_ancestor,
          minmay_temple_entry_large_hall, serial_park, serial_park_tiny_1,
          serial_park_tiny_pond, serial_park_paths [serial_park_minivault_5x5_5]
D:8:      layout_loops_ring, nicolae_overflow_crystal_walls, kennysheep_mini,
          enter_bailey_2, gammafunk_ghost_stat_death
D:9:      layout_cave_pools, serial_bayou, serial_bayou_pond_d,
          serial_bayou_pond_d, serial_bayou_pond_c, serial_bayou_pond_c,
          serial_bayou_lake_a, serial_bayou_lagoon_b, serial_shops,
          nicolae_shop_crystal, minmay_joined_circles, uniq_maurice, uniq_pikel

Skill      XL: |  1  2  3  4  5  6  7  8  9 10 |
---------------+-------------------------------+-----
Fighting       | 3 4 6 7 |  7.1
Throwing       | 4 6 |  6.2
Short Blades   | 4 6 |  6.1
Invocations    | 5 |  5.4
Armour         | 3 6 |  6.7
Long Blades    | 1 |  1.5
Bows           | 7 8 |  8.8
Dodging        | |  1.1
Stealth        | |  3.2

Action                   |  1- 3 |  4- 6 |  7- 9 | 10-12 || total
-------------------------+-------+-------+-------+-------++-------
Melee: Dagger            |    50 |    82 |   248 |    13 ||   393
       Headbutt          |     6 |    15 |    34 |     3 ||    58
       Long sword        |       |       |     7 |       ||     7
 Fire: Shortbow          |       |       |   143 |     4 ||   147
Throw: Dart              |    33 |    37 |    20 |       ||    90
       Javelin           |     5 |    38 |    13 |       ||    56
       Boomerang         |     5 |       |    86 |       ||    91
       Stone             |       |     5 |    17 |       ||    22
Invok: Stomp             |       |       |     5 |     3 ||     8
Evoke: Wand              |       |       |     9 |     1 ||    10
  Use: Scroll            |     2 |     1 |    15 |       ||    18
       Potion            |       |     1 |     3 |     5 ||     9
 Stab: Paralysed         |       |     1 |     3 |       ||     4
Armor: Robe              |     1 |       |       |       ||     1
       Scale mail        |    14 |    13 |       |       ||    27
       Skin              |       |     9 |    74 |       ||    83
       Chain mail        |       |     5 |    70 |       ||    75
       Plate armour      |       |       |   114 |    35 ||   149
Dodge: Dodged            |    16 |    19 |   108 |     6 ||   149

Table legend: (Time is in decaauts)
 A = Elapsed time spent in this place.
 B = Non-inter-level travel time spent in this place.
 C = Inter-level travel time spent in this place.
 D = Time resting spent in this place.
 E = Time spent auto-exploring this place.
 F = Levels seen in this place.
 G = Mean time per level.
                   A        B        C        D        E       F      G
               +--------+--------+--------+--------+--------+-----+--------+
         Total |  11021 |  10421 |    600 |   3834 |   4724 |  10 | 1102.1 |
       Dungeon |  10591 |   9991 |    600 |   3778 |   4505 |   9 | 1176.8 |
        Bailey |    429 |    429 |      0 |     56 |    219 |   1 |  429.0 |
               +--------+--------+--------+--------+--------+-----+--------+

Top non-repeatable levels by time:
     D:5: 2606 daAuts
     D:3: 1382 daAuts
     D:4: 1356 daAuts
     D:6: 1340 daAuts
     D:7: 1109 daAuts
     D:8: 899 daAuts
     D:1: 777 daAuts
     D:2: 592 daAuts
     D:9: 526 daAuts
  Bailey: 429 daAuts
